 Dungeon Crawl Stone Soup version 0.30-b1-2-g02819fbbbe (webtiles) character file.

Game seed: 4455007286413453354

54688 Mesmaeker13 the Geomancer (level 14, -2/93 HPs)
             Began as a Demigod Earth Elementalist on June 17, 2023.
             Drowned by a quicksilver ooze (9 damage)
             ... in an ice cave.
             The game lasted 00:52:56 (23713 turns).

Mesmaeker13 the Geomancer (DgEE)                   Turns: 23713, Time: 00:52:57

Health: -2/93      AC: 23    Str: 17    XL:     14   Next: 3%
Magic:  21/33      EV: 17    Int: 25    God:
Gold:   1484       SH:  0    Dex: 16    Spells: 15/35 levels left

rFire   + . .        P - +4 falchion "Rohoranlou" {protect, rF+ Will++}
rCold   + + .        (no shield)
rNeg    . . .        A - +4 scale mail of Honour {+Blink rC++ Dex+2 SInv}
rPois   +            n - +2 hat
rElec   .            D - +0 cloak {rPois}
rCorr   .            H - +0 pair of gloves of Salvation {Stlth+}
SInv    +            N - +0 pair of boots
Will    +++..        L - amulet of magic regeneration
Stlth   ++           l - +4 ring of protection
HPRegen 0.35/turn    M - +5 ring of evasion
MPRegen 0.63/turn

%: no passive effects
@: mighty, engulfed (cannot breathe)
A: high MP 1, forlorn, divine attributes
a: Evoke Blink


You were in an ice cave.
You visited 3 branches of the dungeon, and saw 19 of its levels.
You also visited: Ice Cave.

You collected 2096 gold pieces.
You spent 612 gold pieces at shops.

Inventory:

Hand Weapons
 h - a +2 eveningstar of flaming
 y - a +4 trident of freezing
 F - a +2 scimitar of flaming
 P - the +4 falchion "Rohoranlou" (weapon) {protect, rF+ Will++}
   (You found it on level 5 of the Lair of Beasts)

   rF:        It protects you from fire.
   Will:      It greatly increases your willpower.
Missiles
 G - 4 curare-tipped darts (quivered)
Armour
 n - a +2 hat (worn)
 A - the +4 scale mail of Honour (worn) {+Blink rC++ Dex+2 SInv}
   (You found it on level 6 of the Dungeon)

   Dex:       It affects your dexterity (+2).
   rC:        It greatly protects you from cold.
   SInv:      It lets you see invisible.
   +Blink:    It lets you blink.
 D - a +0 cloak of poison resistance (worn)
 H - the +0 pair of gloves of Salvation (worn) {Stlth+}
   (You bought it in a shop on level 12 of the Dungeon)

   Stlth:     It makes you more stealthy.
 N - a +0 pair of boots (worn)
Magical Staves
 s - a staff of conjuration
Jewellery
 c - a ring of poison resistance
 l - a +4 ring of protection (left hand)
 m - a +6 ring of strength
 B - a ring of resist corrosion
 L - an amulet of magic regeneration (around neck)
 M - a +5 ring of evasion (right hand)
 Q - a ring of protection from cold
Wands
 i - a wand of roots (1)
 k - a wand of digging (3)
 q - a wand of flame (11)
Scrolls
 p - 4 scrolls of magic mapping
 t - 2 scrolls of fog
 u - 5 scrolls of poison
 v - a scroll of identify
 x - 8 scrolls of teleportation
 C - 3 scrolls of immolation
 I - 2 scrolls of blinking
 O - a scroll of fear
Potions
 a - a potion of invisibility {unknown}
 b - 4 potions of magic
 d - 3 potions of flight
 e - 2 potions of ambrosia
 f - 2 potions of cancellation
 g - 2 potions of attraction
 j - 6 potions of curing
 r - 2 potions of berserk rage
 w - 2 potions of brilliance
 z - 3 potions of lignification
 E - a potion of resistance
 J - a potion of experience {unknown}


   Skills:
 + Level 10.8 Armour
 - Level 6.2 Dodging
 - Level 1.7 Stealth
 - Level 11.0 Spellcasting
 + Level 1.8 Conjurations
 + Level 10.9 Necromancy
 - Level 0.8 Transmutations
 + Level 12.6 Earth Magic


You had 15 spell levels left.
You knew the following spells:

 Your Spells              Type           Power      Damage    Failure   Level
a - Sandblast             Erth           100%       2d20      1%          1
b - Stone Arrow           Conj/Erth      98%        3d13      1%          3
c - Borgnjor's Vile Clut  Necr/Erth      32%        N/A       2%          5
d - Passwall              Tmut/Erth      39%        N/A       1%          2
e - Lee's Rapid Deconstr  Erth           33%        3d17*     1%          5
f - Animate Dead          Necr           62%        N/A       1%          4

Your spell library contained the following spells:

 Spells                   Type           Power      Damage    Failure   Level
 Agony                    Necr           62%        N/A       3%          5
 Cigotuvi's Dreadful Rot  Necr/Pois/Air  64%        N/A       4%          2
 Petrify                  Tmut/Erth      47%        N/A       8%          4
 Leda's Liquefaction      Hex/Erth       22%        N/A       9%          4
 Death Channel            Necr           31%        N/A       21%         6
 Dazzling Flash           Conj/Hex       36%        N/A       24%         3
 Ignite Poison            Fire/Tmut/Pois 15%        N/A       30%         3
 Statue Form              Tmut/Erth      31%        N/A       75%         6
 Freezing Cloud           Conj/Ice/Air   8%         6-21      94%         5
 Silence                  Hex/Air        6%         N/A       97%         5
 Summon Forest            Summ/Tloc      6%         N/A       97%         5
 Eringya's Noxious Bog    Tmut/Pois      7%         N/A       100%        6
 Summon Hydra             Summ           6%         N/A       100%        7


Dungeon Overview and Level Annotations

Branches:
Dungeon (12/15)            Temple (0/1) D:4            Lair (5/5) D:9
 Shoals (0/4) Lair:2       Spider (0/4) Lair:2        Slime (0/5) Lair:4
    Orc (2/2) D:9           IceCv (1/1)
    Elf: Orc:2

Shops:
D:2 [??*[   D:3 *   D:7 *   D:12 [   Orc:1 (

Annotations:
D:5 2 transporters, Tommers's ghost, novice GrEE
D:9 2 transporters


Innate Abilities, Weirdness & Mutations

You have an increased reservoir of magic. (+10% MP)
You shall have no god before yourself.
Your divine heritage dramatically boosts your attributes as you level up.


Message History

The quicksilver ooze is almost dead.
Your lungs strain for air!
The quicksilver ooze hits you!!
The quicksilver ooze closely misses you.
The quicksilver ooze hits you.
The quicksilver ooze hits you but does no damage.
You hit the quicksilver ooze.
The quicksilver ooze is almost dead.
* * * LOW HITPOINT WARNING * * *
Your lungs strain for air!
The quicksilver ooze hits you.
* * * LOW HITPOINT WARNING * * *
The quicksilver ooze hits you but does no damage.
The quicksilver ooze closely misses you.
The quicksilver ooze hits you but does no damage.
You barely miss the quicksilver ooze.
The quicksilver ooze is almost dead.
* * * LOW HITPOINT WARNING * * *
Your lungs strain for air!
The quicksilver ooze hits you.
The quicksilver ooze completely misses you.
The quicksilver ooze closely misses you.
The quicksilver ooze hits you but does no damage.
You miss the quicksilver ooze.
The quicksilver ooze is almost dead.
* * * LOW HITPOINT WARNING * * *
Your lungs strain for air!
The quicksilver ooze closely misses you. x2
The quicksilver ooze misses you. The quicksilver ooze barely misses you.
Unknown command.
You feel better.
* * * LOW HITPOINT WARNING * * *
Your lungs strain for air!
The quicksilver ooze completely misses you.
The quicksilver ooze closely misses you.
The quicksilver ooze hits you.
* * * LOW HITPOINT WARNING * * *
The quicksilver ooze hits you but does no damage.
You feel better.
You die...

##### ##.∩.##
#..∩..# ##...##
##.## ##.##
####...####
####.........#
###.J@..#####.....
##....#### ##...
#...### ##
#.....## #.....#
....## ... .. #


You could see a quicksilver ooze.

Vanquished Creatures
  A dire elephant (Lair:5)
  Snorg (D:11)
  A hydra (Lair:5)
  Fannar (D:12)
  A catoblepas (Lair:5)
  Erica (D:8)
  3 two-headed ogres
  2 boulder beetles
  A deep troll shaman (Lair:5)
  6 death yaks (Lair:5)
  Urug (Orc:1)
  Nergalle (D:11)
  Lodul (D:11)
  2 lindwurms
  An orc knight (Orc:2)
  2 ugly things (D:12)
  4 cyclopes
  22 elephants
  4 black mambas
  A merfolk siren (Lair:2)
  2 slime creatures (D:12)
  9 cane toads
  5 rime drakes
  Psyche (D:11)
  5 komodo dragons
  3 kobold demonologists (D:12)
  3 trolls
  2 polar bears
  Grinder (D:3)
  18 blink frogs
  10 dream sheep
  A jumping spider (Lair:2)
  Sigmund (D:4)
  4 wyverns
  A steam dragon (D:7)
  31 yaks
  2 basilisks
  A warg (Orc:2)
  Menkaure (D:7)
  2 death yak simulacra (Orc:2)
  An acid dragon (D:12)
  11 water moccasins
  Duvessa (D:5)
  3 ice beasts
  A sky beast (D:7)
  16 orc warriors
  A black bear (D:8)
  10 ogres
  2 great orb of eyes simulacra (IceCv)
  15 wolves
  3 centaurs
  2 phantoms (D:6)
  3 kobold brigands
  9 bullfrogs
  A gnoll sergeant (D:10)
  A cane toad simulacrum (Orc:2)
  4 scorpions
  A glowing shapeshifter simulacrum (IceCv)
  9 wights
  Dowan (D:5)
  2 elephant simulacra (Orc:2)
  3 killer bees (D:8)
  A howler monkey (D:9)
  2 hounds
  2 jellies
  16 orc priests
  A sleepcap (D:8)
  Crazy Yiuf (D:7)
  3 gnoll boudas
  2 iguanas
  20 orc wizards
  A wolf simulacrum (Orc:2)
  16 gnolls
  9 adders
  A shadow imp (D:6)
  2 white imps
  2 dart slugs
  A worm (D:3)
  80 orcs
  4 endoplasms
  6 giant cockroaches
  7 goblins
  4 hobgoblins
  2 jackals (D:4)
  4 quokkas
  5 ball pythons
  A bat (D:1)
  3 frilled lizards
  25 kobolds
  3 rats
484 creatures vanquished.

Vanquished Creatures (collateral kills)
  An orc sorcerer (Orc:2)
  A warg (Orc:1)
  An orc warrior (Orc:2)
  A spriggan simulacrum (Orc:2)
  A troll simulacrum (Orc:2)
  2 orcs (Orc:2)
7 creatures vanquished.

Vanquished Creatures (others)
  A cyclops zombie (Orc:2)
  A warg zombie (Orc:2)
  10 orc zombies
  20 fungi
  31 plants
63 creatures vanquished.

Grand Total: 554 creatures vanquished

Notes
Turn   | Place    | Note
-------+----------+-------------------------------------------
     0 | D:1      | Mesmaeker13 the Demigod Earth Elementalist began the quest
                  | for the Orb.
     0 | D:1      | Reached XP level 1. HP: 14/14 MP: 5/5
   349 | D:1      | Reached XP level 2. HP: 20/20 MP: 5/7
   487 | D:1      | Reached skill level 3 in Earth Magic
  1164 | D:2      | Reached XP level 3. HP: 26/26 MP: 7/9
  1187 | D:2      | Found Qeujit's Magic Scroll Shoppe.
  1188 | D:2      | Found Kiro's Antique Armour Emporium.
  1188 | D:2      | Found Liukuk's General Store.
  1329 | D:2      | Found Wiqikumu's Magic Scroll Shop.
  1395 | D:2      | Found Xicvav's Antique Armour Emporium.
  1949 | D:3      | Learned a level 3 spell: Stone Arrow
  2072 | D:3      | Noticed Grinder
  2072 | D:3      | Paralysed by Grinder for 2 turns
  2077 | D:3      | Paralysed by Grinder for 3 turns
  2096 | D:3      | Identified the +0 ring mail "Ihefrong" {Harm rC+ Int-2
                  | Dex+4}
  2263 | D:3      | Found Zin's Purification Station.
  2663 | D:4      | Noticed a scorpion
  2673 | D:4      | Killed a scorpion
  2674 | D:4      | Reached XP level 4. HP: 26/33 MP: 6/11
  2999 | D:4      | Reached XP level 5. HP: 36/38 MP: 6/12
  3289 | D:4      | Noticed Sigmund
  3327 | D:4      | Reached skill level 4 in Earth Magic
  3561 | D:5      | Entered Level 5 of the Dungeon
  3561 | D:5      | Noticed Duvessa
  3563 | D:5      | Noticed Dowan
  3613 | D:5      | Noticed a centaur
  3651 | D:5      | Killed a centaur
  3652 | D:5      | Reached XP level 6. HP: 43/45 MP: 10/14
  3738 | D:5      | Killed Duvessa
  3923 | D:5      | HP: 2/45 [scorpion (5)]
  4142 | D:5      | Killed Dowan
  4143 | D:5      | Reached XP level 7. HP: 50/50 MP: 13/16
  4344 | D:5      | Reached skill level 5 in Earth Magic
  4500 | D:5      | Found a transporter.
  4504 | D:5      | Noticed Tommers's ghost (novice GrEE)
  4675 | D:5      | Found a transporter.
  4901 | D:4      | Found a staircase to the Ecumenical Temple.
  4906 | D:4      | Killed Sigmund
  4907 | D:4      | Reached skill level 5 in Dodging
  5018 | D:3      | Killed Grinder
  5195 | D:2      | Bought an embroidered hat for 189 gold pieces
  5366 | D:6      | Reached skill level 5 in Spellcasting
  5366 | D:6      | Reached XP level 8. HP: 57/57 MP: 16/19
  5389 | D:6      | Reached skill level 6 in Earth Magic
  5394 | D:6      | Identified the +4 scale mail of Honour {+Blink rC++ Dex+2
                  | SInv}
  5698 | D:6      | Learned a level 5 spell: Borgnjor's Vile Clutch
  5758 | D:6      | Reached skill level 1 in Necromancy
  6448 | D:7      | Reached skill level 1 in Armour
  6662 | D:7      | Reached XP level 9. HP: 62/62 MP: 15/21
  6807 | D:7      | Reached skill level 7 in Earth Magic
  6961 | D:7      | Found Nilarchi's Serpentskin Sales.
  6967 | D:7      | Bought a +0 cloak of poison resistance for 119 gold pieces
  6985 | D:7      | Noticed Menkaure
  7142 | D:7      | Killed Menkaure
  7298 | D:7      | Found a runed translucent door.
  7299 | D:7      | Noticed Crazy Yiuf
  7305 | D:7      | Killed Crazy Yiuf
  8362 | D:8      | Noticed Erica
  8366 | D:8      | Killed Erica
  9134 | D:9      | Reached XP level 10. HP: 69/69 MP: 19/24
  9168 | D:9      | Reached skill level 8 in Earth Magic
  9344 | D:9      | Noticed a two-headed ogre
  9350 | D:9      | Killed a two-headed ogre
  9351 | D:9      | Reached skill level 5 in Necromancy
  9493 | D:9      | Found a staircase to the Lair.
  9621 | D:9      | Found a transporter.
  9621 | D:9      | Found a transporter.
  9622 | D:9      | Noticed a great orb of eyes
  9703 | D:9      | Reached skill level 5 in Armour
 10215 | D:9      | Found a staircase to the Orcish Mines.
 10505 | D:10     | Entered Level 10 of the Dungeon
 11161 | D:10     | Noticed a two-headed ogre
 11498 | D:11     | Noticed Snorg
 11498 | D:11     | Noticed Lodul
 11583 | Lair:1   | Entered Level 1 of the Lair of Beasts
 11702 | Lair:1   | Reached skill level 9 in Earth Magic
 11921 | Lair:1   | Reached XP level 11. HP: 72/74 MP: 16/27
 12729 | Lair:1   | Learned a level 2 spell: Passwall
 12735 | Lair:2   | Found a staircase to the Shoals.
 13476 | Lair:2   | Found a hole to the Spider Nest.
 14453 | Lair:3   | Reached skill level 10 in Earth Magic
 15815 | Lair:4   | Reached XP level 12. HP: 81/81 MP: 13/29
 16613 | Lair:4   | Found a staircase to the Slime Pits.
 17058 | Lair:5   | Entered Level 5 of the Lair of Beasts
 17345 | Lair:5   | Noticed a five-headed hydra
 17407 | Lair:5   | Reached skill level 11 in Earth Magic
 17431 | Lair:5   | Killed a five-headed hydra
 17432 | Lair:5   | Reached skill level 10 in Spellcasting
 17728 | Lair:5   | Identified the +4 falchion "Rohoranlou" {protect, rF+
                  | Will++}
 18001 | Lair:5   | Reached XP level 13. HP: 57/86 MP: 12/32
 18558 | Lair:5   | Noticed a dire elephant
 18793 | Lair:5   | Killed a dire elephant
 19230 | Lair:5   | Reached skill level 10 in Necromancy
 19578 | Lair:1   | Learned a level 5 spell: Lee's Rapid Deconstruction
 19900 | D:11     | Killed Lodul
 19901 | D:11     | Reached skill level 10 in Armour
 20091 | D:11     | Reached skill level 12 in Earth Magic
 20488 | D:11     | Killed Snorg
 20567 | D:11     | Noticed Nergalle
 20575 | D:11     | Killed Nergalle
 20609 | D:11     | Noticed Psyche
 20613 | D:11     | Killed Psyche
 21227 | D:12     | Noticed Fannar
 21233 | D:12     | Killed Fannar
 21505 | D:12     | Found Huilices's Antique Armour Shop.
 22202 | D:7      | Bought 4 curare-tipped darts for 67 gold pieces
 22329 | D:12     | Bought a pair of slimy gloves for 237 gold pieces
 22329 | D:12     | Identified the +0 pair of gloves of Salvation {Stlth+} (You
                  | bought it in a shop on level 12 of the Dungeon)
 22443 | Orc:1    | Entered Level 1 of the Orcish Mines
 22593 | Orc:1    | Learned a level 4 spell: Animate Dead
 22609 | Orc:1    | Noticed Urug
 22622 | Orc:1    | Killed Urug
 22678 | Orc:1    | Found Zisk's Weapon Emporium.
 23144 | Orc:2    | Entered Level 2 of the Orcish Mines
 23202 | Orc:2    | Reached skill level 1 in Conjurations
 23232 | Orc:2    | Reached XP level 14. HP: 60/93 MP: 20/33
 23291 | Orc:2    | Found a frozen archway.
 23389 | IceCv    | Entered an ice cave
 23711 | IceCv    | HP: 3/93 [drowned by a quicksilver ooze (11)]
 23713 | IceCv    | Drowned by a quicksilver ooze

Illustrated notes

Levels and vault maps discovered:
D:1:      psy_arrival_basics, layout_basic, palyth_stone_intersect
D:2:      layout_basic, serial_shops, shop, nicolae_shop_peninsula,
          nicolae_shop_waterfront, nicolae_shop_stone, shop_scrolls
D:3:      layout_rooms, zin_purify, uniq_grinder
D:4:      layout_loops_cross, mainiacjoe_overflow_24_doors,
          nicolae_hepliaklqana_hazy_memory, temple_hall, roderic_lattice_a,
          uniq_sigmund
D:5:      layout_layer_cave, mainiacjoe_overflow_alcove_4,
          gammafunk_ghost_mausoleum, uniq_duvessa
D:6:      layout_cave_pools
D:7:      layout_cave_pods, guppyfry_shop_venom, uniq_menkaure,
          uniq_crazy_yiuf_cottage
D:8:      layout_loops_ring, kennysheep_little_box,
          nicolae_dithmenos_shadow_blocks, uniq_erica
D:9:      gammafunk_jiyva_shrine, layout_basic, lemuel_tele_altar, david_orc_5
D:10:     layout_long_grid, elyvilon_altar_3,
          chequers_temple_overflow_statue_of_worship, minivault_23,
          minmay_misc_feat_plants
D:11:     layout_basic, minivault_1, nicolae_eternal_life, uniq_nergalle,
          uniq_psyche, uniq_snorg, uniq_lodul
D:12:     layout_loops_corners, serial_shops, shop, mrwooster_statue_mirror,
          uniq_fannar
Lair:1:   layout_hall_layers
Lair:2:   layout_hall_layers, minmay_shoals_entry_lonely_mermaid,
          spider_nest_entry_rubble, gauntlet_entry_generic, grunt_megastairs_2
Lair:3:   layout_chaotic_city, grunt_megastairs_5, serial_bayou_shore_b
Lair:4:   layout_concentric_octagons, dpeg_slime_entry_enclosed,
          grunt_forest_small_clearing_treed, serial_bayou_shore_b,
          grunt_megastairs_3
Lair:5:   grunt_lair_end_beastmaster, layout_cave_pods, minivault_25,
          lemuel_fruit_fields
Orc:1:    layout_diamond_mine, basic_altar, serial_shops,
          nicolae_shop_tiny_statue_garden, uniq_urug
Orc:2:    pf_orc_diabolical, layout_caves, portal_ice_cave_entry_ice_simulacra
IceCv:    ice_cave_hellmonk_azure_passage

Skill      XL: |  1  2  3  4  5  6  7  8  9 10 11 12 13 |
---------------+----------------------------------------+-----
Dodging        | 2 3 4 5 6 |  6.2
Spellcasting   | 2 3 4 5 6 7 8 9 10 11 | 11.0
Earth Magic    | 3 4 5 6 7 9 10 11 12 | 12.6
Necromancy     | 2 4 6 8 9 10 | 10.9
Armour         | 1 4 6 7 9 10 | 10.8
Conjurations   | 1 |  1.8
Stealth        | |  1.7
Transmutations | |  0.8

Action                     |  1- 3 |  4- 6 |  7- 9 | 10-12 | 13-15 || total
---------------------------+-------+-------+-------+-------+-------++-------
  Melee: Unarmed           |    31 |       |       |       |       ||    31
         Hand axe          |     8 |       |       |       |       ||     8
         Punch             |     1 |       |       |     1 |     3 ||     5
         Trident           |       |     1 |    11 |    39 |       ||    51
         Falchion          |       |       |       |     6 |    75 ||    81
  Throw: Dart              |       |       |       |     2 |     4 ||     6
   Cast: Sandblast         |    87 |    58 |   146 |   253 |    91 ||   635
         Stone Arrow       |       |     2 |    54 |   182 |    96 ||   334
         Borgnjor's Vile C |       |       |       |    22 |    49 ||    71
         Lee's Rapid Decon |       |       |       |       |     5 ||     5
         Animate Dead      |       |       |       |       |     5 ||     5
  Evoke: Wand              |       |     3 |     9 |    13 |    25 ||    50
    Use: Scroll            |     1 |     6 |     4 |    10 |     4 ||    25
         Potion            |     1 |     3 |       |       |     4 ||     8
   Stab: Paralysed         |       |       |     4 |       |       ||     4
 Armour: Robe              |    18 |     5 |    30 |       |       ||    53
         Scale mail        |       |       |     1 |   194 |    94 ||   289
  Dodge: Dodged            |    53 |    34 |    81 |   252 |   136 ||   556
